 Dungeon Crawl Stone Soup version 0.20-a0-947-g2784f4f (webtiles) character file.

24150 JeffiDaFish the Peltast (level 13, -8/81 HPs)
             Began as a Gargoyle Fighter on Apr 3, 2017.
             Was the Champion of Okawaru.
             Killed from afar by a frost giant (16 damage)
             ... with a bolt of cold
             ... in an ice cave on Apr 4, 2017.
             The game lasted 00:29:27 (13292 turns).

JeffiDaFish the Peltast (Gargoyle Fighter)         Turns: 13292, Time: 00:29:27

Health: -8/81      AC: 29    Str: 25    XL:     13   Next: 11%
Magic:  0/11       EV:  6    Int: 10    God:    Okawaru [******]
Gold:   765        SH: 27    Dex: 13    Spells: 12/12 levels left

rFire    + . .     SeeInvis +   o - +0 morningstar
rCold    + . .     Gourm    .   i - +2 large shield
rNeg     + . .     Faith    .   m - +0 plate armour
rPois    ∞         Spirit   +   x - +0 hat
rElec    +         Reflect  .   B - scarf {Spirit}
rCorr    +         Harm     .   a - +0 pair of gloves
MR       .....                  C - +1 pair of boots
Stlth    ..........             c - amulet of guardian spirit
Regen    0.3/turn               s - ring of see invisible
MPRegen  0.2/turn               (no ring)

@: mighty, resistant, studying Summonings
A: icy blue scales 1, large bone plates 1, rugged brown scales 1, low mp 1,
negative energy resistance 1, electricity resistance, unbreathing, petrification
resistance, rot immunity, AC +9
a: Heroism, Finesse, Renounce Religion


You were in an ice cave.
You worshipped Okawaru.
Okawaru was exalted by your worship.
You were not hungry.

You visited 3 branches of the dungeon, and saw 14 of its levels.
You also visited: Ossuary and Ice Cave.

You collected 765 gold pieces.

Inventory:

Hand Weapons
 o - a +0 morningstar (weapon)
 A - a +1 whip of electrocution
Armour
 a - a +0 pair of gloves (worn)
 i - a +2 large shield (worn)
 m - a +0 plate armour (worn)
 x - a +0 hat (worn)
 B - a scarf of spirit shield (worn)
 C - a +1 pair of boots (worn)
Jewellery
 c - an amulet of guardian spirit (around neck)
 s - a ring of see invisible (left hand)
Wands
 g - a wand of flame (25/48)
 y - a wand of acid (7/15)
Scrolls
 e - 9 scrolls of remove curse
 h - 7 scrolls of teleportation
 j - 12 scrolls of identify
 w - a scroll of summoning
 D - a scroll of blinking
Potions
 b - 2 potions of resistance
 d - 7 potions of might
 p - 5 potions of brilliance
 r - 3 potions of curing
 u - 6 potions of flight
 v - a potion of invisibility
 z - a potion of heal wounds
Books
 t - a manual of Summonings
Comestibles
 f - 4 bread rations
 k - 18 fruits
 l - 16 royal jellies
 n - 9 meat rations


   Skills:
 + Level 8.4 Fighting
 + Level 12.9 Maces & Flails
 + Level 8.2 Armour
 + Level 2.1 Dodging
 + Level 0.8 Stealth
 + Level 15.1 Shields


You had 12 spell levels left.
You didn't know any spells.

Dungeon Overview and Level Annotations

Branches:
Dungeon (10/15)            Temple (1/1) D:6            Lair (3/6) D:10
 Spider (0/4) Lair:2
  Swamp: Lair:2-4    Shoals: Lair:2-4       Orc: D:9-12

Altars:
Cheibriados
Dithmenos
Elyvilon
Makhleb
Nemelex Xobeh
Okawaru
Trog
Uskayaw
Vehumet
Xom
Zin
The Shining One

Shops:
D:7 }


Innate Abilities, Weirdness & Mutations

You are resistant to torment.
Your stone body is resilient. (AC +9)
You are immune to poison.
You resist negative energy. (rN+)
You are resistant to electric shocks. (rElec)
You can survive without breathing.
You are immune to petrification.
You are immune to rotting.
You are partially covered in icy blue scales. (AC +2)
You are partially covered in large bone plates. (SH +4)
You are partially covered in rugged brown scales. (AC +1, +3% HP)
Your magical capacity is low. (-10% MP)


Message History

The bolt of cold hits you! You resist.
* * * LOW HITPOINT WARNING * * *
Your shield and plate armour prevent you from hitting the frost giant.
The frost giant is lightly wounded.
You block the frost giant's attack.
You barely miss the frost giant.
The frost giant is lightly wounded.
The frost giant casts a spell at you. The bolt of cold hits you! You resist.
* * * LOW HITPOINT WARNING * * *
You bludgeon the frost giant!!
The frost giant is moderately wounded.
The frost giant casts a spell at you. The bolt of cold hits you! You resist.
* * * LOW HITPOINT WARNING * * *
You hit the frost giant.
The frost giant is moderately wounded.
The frost giant points at you and mumbles some strange words.
The bolt of cold hits you! You resist.
You die...

####### ##### ......####
####†CY#
...#.....####...@#h.Y#
#######....#...####hY....
# ###....### .h....
###### ..... ....# ..##
..#


You could see a frost giant and a yak.

Vanquished Creatures
  A hydra (Lair:2)
  4 two-headed ogres (D:10)
  An oklob plant (D:10)
  4 elephants (Lair:2)
  An ice statue (IceCv)
  4 spiny frogs
  A black mamba (Lair:2)
  2 komodo dragons (Lair:1)
  A yaktaur (D:10)
  12 polar bears (IceCv)
  2 hippogriffs
  2 wraiths
  A wyvern (D:10)
  2 redbacks (Lair:2)
  2 basilisks
  32 yaks
  A hungry ghost (D:9)
  5 water moccasins
  4 porcupines
  An eye of draining (D:10)
  2 black bears
  3 orc warriors
  A phantom (D:8)
  6 ice beasts
  A necrophage (D:8)
  4 ogres
  13 wolves
  6 sky beasts
  4 centaurs
  3 crocodiles
  Blork the orc (D:6)
  2 big kobolds
  11 bullfrogs
  A gnoll sergeant (D:9)
  A wyvern skeleton (D:10)
  3 scorpions
  10 killer bees
  A wight (D:10)
  A howler monkey (D:4)
  4 crimson imps
  A centaur zombie (D:8)
  A centaur skeleton (D:6)
  7 hounds
  4 jellies
  5 orc priests
  2 bullfrog skeletons (D:6)
  3 iguanas
  10 worker ants
  9 orc wizards
  A hound zombie (D:6)
  2 hound skeletons (D:10)
  A mummy (Ossuary)
  10 adders
  7 gnolls
  2 shadow imps
  12 white imps (Lair:3)
  5 oozes (D:9)
  2 adder zombies
  3 worms
  6 leopard geckos
  29 orcs
  7 giant cockroaches
  6 hobgoblins
  7 jackals
  10 kobolds
  3 quokkas
  2 ball pythons (D:4)
  6 bats
  7 frilled lizards
  3 gnoll skeletons (Ossuary)
  6 goblins
  7 kobold skeletons (Ossuary)
  15 orc skeletons (Ossuary)
  A quokka zombie (D:6)
  9 rats
  A plant (D:10)
373 creatures vanquished.

Vanquished Creatures (others)
  A fungus (Lair:1)
1 creature vanquished.

Grand Total: 374 creatures vanquished

Notes
Turn   | Place    | Note
-------+----------+-------------------------------------------
     0 | D:1      | JeffiDaFish the Gargoyle Fighter began the quest for the Orb.
     0 | D:1      | Reached XP level 1. HP: 14/14 MP: 1/1
   139 | D:1      | Reached XP level 2. HP: 18/19 MP: 2/2
   585 | D:1      | Reached XP level 3. HP: 20/24 MP: 3/3
   945 | D:1      | You fall through a shaft!
  1465 | D:2      | Reached XP level 4. HP: 26/29 MP: 4/4
  1726 | D:2      | Found a burning altar of Makhleb.
  2019 | D:3      | Reached skill level 4 in Shields
  2019 | D:3      | Reached XP level 5. HP: 33/33 MP: 5/5
  2529 | D:3      | Gained mutation: You are partially covered in icy blue scales. (AC +2) [potion of mutation]
  2529 | D:3      | Gained mutation: Your magical capacity is low. (-10% MP) [potion of mutation]
  2529 | D:3      | Gained mutation: You are partially covered in rugged brown scales. (AC +1, +3% HP) [potion of mutation]
  2529 | D:3      | Gained mutation: You are partially covered in large bone plates. (SH +4) [potion of mutation]
  2581 | D:3      | Reached skill level 1 in Dodging
  2831 | D:4      | Found a white marble altar of Elyvilon.
  2860 | D:4      | Reached XP level 6. HP: 39/39 MP: 5/5
  2874 | D:4      | Reached skill level 5 in Shields
  3418 | D:5      | Entered Level 5 of the Dungeon
  3423 | D:5      | Noticed a sky beast
  3445 | D:5      | Killed a sky beast
  3445 | D:5      | Reached skill level 6 in Shields
  3445 | D:5      | Reached XP level 7. HP: 42/44 MP: 6/6
  3695 | D:5      | Reached skill level 5 in Maces & Flails
  3793 | D:5      | Reached skill level 7 in Shields
  3793 | D:5      | Reached XP level 8. HP: 32/49 MP: 7/7
  3845 | D:5      | Reached skill level 5 in Armour
  4310 | D:5      | Reached skill level 8 in Shields
  4549 | D:6      | Found a staircase to the Ecumenical Temple.
  4589 | Temple   | Entered the Ecumenical Temple
  4602 | Temple   | Became a worshipper of Warmaster Okawaru
  4704 | D:6      | Found a shimmering altar of Xom.
  4934 | D:6      | Reached * piety under Okawaru
  4934 | D:6      | Reached skill level 9 in Shields
  4934 | D:6      | Reached XP level 9. HP: 44/53 MP: 8/8
  5154 | D:6      | Noticed Blork the orc
  5184 | D:6      | Killed Blork the orc
  5345 | D:6      | Reached skill level 5 in Fighting
  5454 | D:6      | Found a hide-covered altar of Uskayaw.
  5716 | D:6      | Reached ** piety under Okawaru
  6114 | D:7      | Found Wolekeh's Gadget Shop.
  6165 | D:7      | Reached skill level 10 in Shields
  6386 | D:7      | Found a glowing golden altar of the Shining One.
  6393 | D:7      | Found a radiant altar of Vehumet.
  6626 | D:8      | Reached XP level 10. HP: 60/60 MP: 9/9
  6662 | D:8      | Reached *** piety under Okawaru
  7018 | D:8      | Found a sand-covered staircase.
  7031 | Ossuary  | Entered an ossuary
  7114 | Ossuary  | Reached skill level 11 in Shields
  7734 | D:9      | Paralysed by fainting for 6 turns
  8033 | D:9      | Reached **** piety under Okawaru
  8204 | D:9      | Found a sparkling altar of Nemelex Xobeh.
  8373 | D:10     | Entered Level 10 of the Dungeon
  8377 | D:10     | Noticed a two-headed ogre
  8396 | D:10     | Killed a two-headed ogre
  8417 | D:10     | Noticed a two-headed ogre
  8429 | D:10     | Killed a two-headed ogre
  8429 | D:10     | Reached skill level 10 in Maces & Flails
  8429 | D:10     | Reached skill level 12 in Shields
  8429 | D:10     | Reached XP level 11. HP: 34/65 MP: 2/9
  8663 | D:10     | Noticed a two-headed ogre
  8676 | D:10     | Killed a two-headed ogre
  8676 | D:10     | Reached ***** piety under Okawaru
  8676 | D:10     | Received a gift from Okawaru
  8704 | D:10     | Found a staircase to the Lair.
  8704 | D:10     | Noticed an oklob plant
  8733 | D:10     | Killed an oklob plant
  9023 | D:10     | Noticed a two-headed ogre
  9038 | D:10     | Killed a two-headed ogre
  9701 | Lair:1   | Entered Level 1 of the Lair of Beasts
  9952 | Lair:1   | Reached skill level 13 in Shields
 10192 | Lair:1   | Received a gift from Okawaru
 10247 | Lair:1   | Reached XP level 12. HP: 65/74 MP: 8/10
 11390 | Lair:2   | Noticed a six-headed hydra
 11464 | Lair:2   | Killed a six-headed hydra
 11508 | Lair:2   | Reached skill level 14 in Shields
 11758 | Lair:2   | Found a hole to the Spider Nest.
 12196 | Lair:3   | Found a frozen archway.
 12215 | IceCv    | Entered an ice cave
 12230 | IceCv    | Reached ****** piety under Okawaru
 12280 | IceCv    | Received a gift from Okawaru
 12937 | IceCv    | Reached XP level 13. HP: 81/81 MP: 11/11
 13055 | IceCv    | Reached skill level 15 in Shields
 13267 | IceCv    | Noticed a frost giant
 13292 | IceCv    | Killed from afar by a frost giant

Vault maps used:
D:1:      zaba_arrival_water
D:2:      makhleb_heckhound_becter, first_bread
D:3:      kennysheep_generic_room_15
D:4:      kennysheep_mini_moat
D:6:      lemuel_coloured_pillars_altar, minmay_temple_entry_glass,
          serial_undead, serial_undead_b, serial_undead_a, serial_undead_b,
          serial_undead_b, xom_teletrap_fun, uniq_blork_the_orc
D:7:      minitemple, serial_shops, shop
D:8:      nicolae_ossuary_entry_monument
D:9:      nemelex_xobeh_ov_fountains_minmay, hangedman_little_slice_of_home,
          kennysheep_generic_room_13
D:10:     kennysheep_blocky_room, dpeg_oklobed_lair
Temple:   eino_temple_scatter_basement
Lair:1:   grunt_megastairs_2
Lair:2:   spider_nest_entry_webs, lemuel_fruit_fields, serial_bayou_shore_b
Lair:3:   swamp_mist, portal_ice_cave_entry_imps, serial_bayou_shore_b,
          lemuel_fruit_tree, serial_bayou_shore_a, serial_bayou_shore_b
Ossuary:  ossuary_due_mausoleum
IceCv:    ice_cave_small_giant

Skill      XL: |  1  2  3  4  5  6  7  8  9 10 11 12 13 |
---------------+----------------------------------------+-----
Armour         | 4 5 6 7 8 |  8.2
Fighting       | 4 5 6 7 8 |  8.4
Maces & Flails | 3 4 5 6 8 10 11 12 | 12.9
Shields        | 4 6 7 9 10 12 13 14 15 | 15.1
Dodging        | 1 2 |  2.1
Stealth        | |  0.8

Action                   |  1- 3 |  4- 6 |  7- 9 | 10-12 | 13-15 || total
-------------------------+-------+-------+-------+-------+-------++-------
Melee: Flail             |   183 |   191 |       |       |       ||   374
       Morningstar       |       |    52 |   785 |  1285 |   112 ||  2234
  Use: Scroll            |     5 |     3 |     3 |     9 |       ||    20
       Potion            |     2 |     5 |     5 |     8 |     2 ||    22
  Eat: Chunk             |     2 |     7 |    13 |    23 |     2 ||    47
       Bread ration      |       |       |       |     1 |       ||     1
Armor: Scale mail        |    95 |       |       |       |       ||    95
       Plate armour      |    16 |   131 |   468 |   587 |    91 ||  1293
Dodge: Dodged            |    60 |    19 |    56 |   165 |    15 ||   315
Block: Shield            |    79 |       |       |       |       ||    79
       Large shield      |    67 |   250 |  1056 |  1588 |   195 ||  3156
